 Dungeon Crawl Stone Soup version 0.17-a0-1430-g49fde19 (console) character file.

229 Fusha the Sneak (level 6, -5/49 HPs)
             Began as a Naga Earth Elementalist on June 26, 2015.
             Slain by Xoff's ghost (7 damage)
             ... on level 3 of the Dungeon.
             The game lasted 00:18:03 (3243 turns).

Fusha the Sneak (Naga Earth Elementalist)           Turns: 3243, Time: 00:18:03

Health: -5/49      AC:  3    Str: 11      XL:     6   Next: 3%
Magic:  7/10       EV: 10    Int: 14 (17) God:
Gold:   92         SH:  0    Dex: 16      Spells: 3 memorised, 5 levels left

rFire  . . .     SeeInvis +     (no weapon)
rCold  . . .     Clarity  .     i - +0 robe
rNeg   . . .     SustAt   .     (no shield)
rPois  +         Gourm    .     (no helmet)
rElec  .         Spirit   .     (no cloak)
rCorr  .         Warding  .     (no gloves)
rMut   .         Stasis   .     (no barding)
MR     .....                    (no amulet)
Stlth  +++.......               (no ring)
                                d - +5 ring of dexterity

@: invisible, very slow, not resistant to hostile enchantments, fairly stealthy
A: see invisible, deformed body, poison resistance, slowness 2, slow metabolism
1, spit poison 2, AC +2
a: Spit Poison


You were on level 3 of the Dungeon.
You were not hungry.

You visited 1 branch of the dungeon, and saw 3 of its levels.

You collected 92 gold pieces.

Inventory:

Hand weapons
 b - a +0 short sword
Missiles
 a - 56 stones (quivered)
Armour
 i - a +0 robe (worn)
Jewellery
 d - a +5 ring of dexterity (left hand)
Scrolls
 e - 5 scrolls of identify
 f - a scroll of immolation {unknown}
 g - a scroll of noise
 h - 2 scrolls of remove curse
 j - a scroll of enchant weapon {unknown}
 r - a scroll of teleportation {unknown}
 t - a scroll of magic mapping {unknown}
Potions
 l - a potion of degeneration
 m - a potion of curing {unknown}
 n - a potion of magic {unknown}
 s - 3 potions of ambrosia {unknown}
Books
 c - a book of Geomancy

   Spells                             Type                      Level
   a - Sandblast                      Earth                        1
   b - Stoneskin                      Transmutation/Earth          2
   c - Passwall                       Transmutation/Earth          3
   d - Stone Arrow                    Conjuration/Earth            3
   e - Petrify                        Transmutation/Earth          4
   f - Lee's Rapid Deconstruction     Earth                        5
Comestibles
 p - a slice of pizza
 q - a beef jerky


   Skills:
 + Level 1.8 Short Blades
 - Level 1.5 Dodging
 + Level 5.0 Stealth
 - Level 3.0 Spellcasting
 - Level 1.0 Transmutations
 * Level 4.9 Earth Magic


You had 5 spell levels left.
You knew the following spells:

 Your Spells              Type           Power        Failure   Level  Hunger
a - Sandblast             Erth           ###...       2%          1    #......
b - Stoneskin             Trmt/Erth      ##......     12%         2    ##.....
c - Stone Arrow           Conj/Erth      #.....       24%         3    ###....


Dungeon Overview and Level Annotations

Branches:
Dungeon (3/15)

Altars:

Annotations:
D:3 Xoff's ghost, average MiFi


Innate Abilities, Weirdness & Mutations

You cannot wear boots.
Your serpentine skin is tough (AC +2).
You have supernaturally acute eyesight.
Armour fits poorly on your strangely shaped body.
Your system is resistant to poisons.
You cover ground very slowly.
You have a slow metabolism.
You can spit poison.


Message History

Okay, then.
Read which item? (? for menu, Esc to quit)
As you read the scroll labeled RASUEG JUSMOLO, it crumbles to dust.
It is a scroll of identify.
Identify which item? (\ to view known items) (? for menu, Esc to quit)
u - a potion of invisibility Read which item? (? for menu, Esc to quit)
As you read the scroll labeled SONEOCS SOROST, it crumbles to dust.
You feel blessed for a moment.
It was a scroll of remove curse.
Read which item? (? for menu, Esc to quit)
As you read the scroll labeled PIOQOUVOOPN, it crumbles to dust.
You hear a loud clanging noise!
It was a scroll of noise.
You hear a shout! x3
Xoff's ghost hits you!
* * * LOW HITPOINT WARNING * * *
Drink which item? (? for menu, Esc to quit)
You fade into invisibility!
Xoff's ghost hits you!
You die...

....##....♣....8..♣P)P...........
....####.........(.)).....#'#.♣P.
....##.P.......8....P♣....#.#..♣.
###.###..P.........PP.♣...###.♣.♣
#.##.P..........PP.♣........P♣
#.##P...#+#..P♣.♣♣P.♣♣.....♣♣♣♣
#.##P.P.# #..♣P♣§P♣♣♣.♣.....P.♣ .
#PP..###.PP.W♣♣§♣P♣....♣♣♣..
#.##P......♣.@♣♣♣♣§♣P.....♣♣ .
#....P.......♣♣...♣§♣..♣P♣.♣♣#
#.PP.....P.♣♣P.♣♣.♣P♣..♣♣♣..#
#...P.P.....P♣♣.♣.♣P..♣.♣.♣##
#...♣..[P...P♣P.......P♣.#♣
##.P.♣......♣..♣.♣♣..♣.♣.#
##PP.♣.♣........♣..♣.♣.##
♣.♣P♣♣♣♣......♣.♣♣♣..P# #P .♣
#.P♣.###....♣♣.P##


You could see Xoff's ghost.

Vanquished Creatures
  A scorpion (D:3)
  An orc wizard (D:3)
  4 gnolls (D:3)
  An adder (D:3)
  3 river rats (D:3)
  A worm (D:2)
  5 orcs (D:3)
  A ball python (D:2)
  6 giant cockroaches
  6 goblins
  6 hobgoblins
  9 jackals (D:2)
  4 kobolds
  4 quokkas
  7 bats
  5 giant newts
  9 rats
73 creatures vanquished.

Vanquished Creatures (others)
  A plant (D:3)
1 creature vanquished.

Grand Total: 74 creatures vanquished

Notes
Turn   | Place    | Note
--------------------------------------------------------------
     0 | D:1      | Fusha the Naga Earth Elementalist began the quest for the Orb.
     0 | D:1      | Reached XP level 1. HP: 15/15 MP: 3/3
   207 | D:1      | Reached XP level 2. HP: 7/22 MP: 3/5
   660 | D:1      | Learned a level 2 spell: Stoneskin
  1177 | D:2      | Reached XP level 3. HP: 20/28 MP: 6/6
  1189 | D:2      | Learned a level 3 spell: Stone Arrow
  2093 | D:2      | Reached skill level 4 in Stealth
  2133 | D:3      | Reached XP level 4. HP: 34/36 MP: 8/8
  2145 | D:3      | Reached skill level 1 in Short Blades
  2171 | D:3      | Noticed a scorpion
  2180 | D:3      | Killed a scorpion
  2375 | D:3      | Reached XP level 5. HP: 14/42 MP: 3/9
  2411 | D:3      | Noticed Xoff's ghost (average MiFi)
  3157 | D:3      | Reached skill level 5 in Stealth
  3197 | D:3      | Reached XP level 6. HP: 12/49 MP: 1/10
  3242 | D:3      | HP: 1/49 [Xoff's ghost (14)]
  3243 | D:3      | Slain by Xoff's ghost

Vault maps used:
D:1:      mrwooster_arrival_arrow
D:3:      wad_woods_settlement, lemuel_doored_altar,
          gammafunk_temple_overflow_wave, roderic_chinese_pattern_swastika

Action                   |  1- 3 |  4- 6 || total
-------------------------+-------+-------++-------
Melee: Unarmed           |    17 |     6 ||    23
       Short sword       |   118 |    29 ||   147
 Cast: Sandblast         |    33 |    34 ||    67
  Use: Potion            |       |     5 ||     5
       Scroll            |       |     3 ||     3
 Stab: Sleeping          |     6 |     4 ||    10
       Distracted        |     1 |       ||     1
  Eat: Bread ration      |     1 |       ||     1
       Pizza             |     1 |       ||     1
